 Dungeon Crawl Stone Soup version 0.20.1-1-g8b1a95d (webtiles) character file.

10255 Mellonil the Thaumaturge (level 11, 0/74 HPs)
             Began as a Purple Draconian Conjurer on Dec 15, 2017.
             Was a Believer of Vehumet.
             Slain by a manticore (6 damage)
             ... on level 10 of the Dungeon on Jan 6, 2018.
             The game lasted 02:04:25 (17385 turns).

Mellonil the Thaumaturge (DrCj)                    Turns: 17385, Time: 02:04:26

Health: 0/74       AC: 13    Str: 12    XL:     11   Next: 33%
Magic:  20/27      EV: 17    Int: 22    God:    Vehumet [**....]
Gold:   523        SH:  0    Dex: 12    Spells: 21/34 levels left

rFire    . . .     SeeInvis .   y - +2 whip (freeze)
rCold    . . .     Gourm    .   (no shield)
rNeg     . . .     Faith    .   (armour unavailable)
rPois    .         Spirit   .   (helmet restricted)
rElec    .         Reflect  .   l - +2 cloak
rCorr    +         Harm     .   f - +1 pair of gloves
MR       +....                  d - +0 pair of boots
Stlth    ++........             (no amulet)
Regen    0.3/turn               A - ring of resist corrosion
MPRegen  0.2/turn               J - +5 ring of intelligence

@: no status effects
A: breathe power, unfitting armour, cold-blooded, AC +7
a: Breathe Dispelling Energy, Renounce Religion


You were on level 10 of the Dungeon.
You worshipped Vehumet.
Vehumet was pleased with you.
You were not hungry.

You visited 2 branches of the dungeon, and saw 12 of its levels.
You also visited: Sewer.

You collected 523 gold pieces.

Inventory:

Hand Weapons
 y - a +2 whip of freezing (weapon)
Armour
 d - a +0 pair of boots (worn)
 f - a +1 pair of gloves (worn)
 l - a +2 cloak (worn)
Magical Staves
 G - an uncursed staff of fire
Jewellery
 A - a ring of resist corrosion (left hand)
 J - a +5 ring of intelligence (right hand)
 L - an uncursed ring of stealth
Wands
 E - a wand of lightning (3/15)
 I - a wand of flame (6/48)
 K - a wand of iceblast (9/15)
Scrolls
 i - 3 scrolls of recharging
 j - 4 scrolls of fear
 m - a scroll of vulnerability {unknown}
 n - 3 scrolls of remove curse
 q - 5 scrolls of enchant weapon
 w - a scroll of teleportation
 x - a scroll of blinking
 C - a scroll of magic mapping
 M - a scroll of identify
 O - a scroll of fog
Potions
 c - 2 potions of might
 g - a potion of ambrosia
 h - 3 potions of haste
 k - 5 potions of curing
 p - a potion of agility
 r - a potion of invisibility {unknown}
 s - 2 potions of berserk rage {unknown}
 t - a potion of lignification {unknown}
 u - 2 potions of brilliance {unknown}
 v - a potion of mutation {unknown}
 B - 5 potions of flight {unknown}
 D - 3 potions of magic {unknown}
 F - a potion of cancellation {unknown}
 N - a potion of degeneration {unknown}
Books
 a - a book of Conjurations

   Spells                             Type                      Level
   a - Magic Dart                     Conjuration                  1
   b - Searing Ray                    Conjuration                  2
   c - Dazzling Spray                 Conjuration/Hexes            3
   d - Fulminant Prism                Conjuration/Hexes            4
   e - Force Lance                    Conjuration/Translocation    4
   f - Iskenderun's Mystic Blast      Conjuration                  4
 e - a book of Flames

   Spells                             Type                      Level
   a - Flame Tongue                   Conjuration/Fire             1
   b - Throw Flame                    Conjuration/Fire             2
   c - Conjure Flame                  Conjuration/Fire             3
   d - Inner Flame                    Hexes/Fire                   3
   e - Sticky Flame                   Conjuration/Fire             4
   f - Fireball                       Conjuration/Fire             5
 H - the Incunabulum of Burning Confrontation
   (You found it on level 8 of the Dungeon)

   Spells                             Type                      Level
   a - Shock                          Conjuration/Air              1
   b - Mephitic Cloud                 Conjuration/Poison/Air       3
   c - Venom Bolt                     Conjuration/Poison           5
   d - Ignition                       Fire                         8
Comestibles
 b - 3 bread rations
 o - a royal jelly
 z - 3 meat rations
 P - 2 chunks of flesh


   Skills:
 + Level 9.6 Dodging
 - Level 1.7 Stealth
 + Level 12.0 Spellcasting
 + Level 10.7 Conjurations


You had 21 spell levels left.
You knew the following spells:

 Your Spells              Type           Power        Failure   Level  Hunger
a - Magic Dart            Conj           ####         1%          1    None
b - Searing Ray           Conj           ######       1%          2    None
c - Dazzling Spray        Conj/Hex       #####.       1%          3    None
d - Iskenderun's Mystic   Conj           ######..     1%          4    None
e - Mephitic Cloud        Conj/Pois/Air  ####....     3%          3    None


Dungeon Overview and Level Annotations

Branches:
Dungeon (11/15)            Temple (1/1) D:6             Orc (0/2) D:9
   Lair: D:8-11

Altars:
Ashenzari
Cheibriados
Dithmenos
Elyvilon
Fedhas
Gozag
Hepliaklqana
Kikubaaqudgha
Makhleb
Nemelex Xobeh
Okawaru
Qazlal
Ru
Sif Muna
Trog
Uskayaw
Vehumet
Xom
Yredelemnul
Zin
The Shining One

Annotations:
D:2 Sigmund
D:7 FrozenPanda's ghost, novice TrMo
D:9 p0werm0de's ghost, journeyman DDFi


Innate Abilities, Weirdness & Mutations

You can breathe bolts of dispelling energy.
Your rich purple scales are hard. (AC +7)
You cannot fit into any form of body armour.
You are cold-blooded and may be slowed by cold attacks.


Message History

The manticore claws you.
* * * LOW HITPOINT WARNING * * *
The manticore completely misses you.
Casting: Searing Ray
Confirm with . or Enter, or press ? or * to list all spells.
Aiming: Searing Ray
Press: ? - help, Shift-Dir - straight line, f/p - manticore
Aim: a manticore (heavily wounded)
The searing ray hits the manticore.
The manticore is severely wounded. (Press . to maintain the ray.)
The manticore bites you but does no damage.
The manticore claws you but does no damage.
The manticore closely misses you.
The searing ray hits the manticore.
The manticore is severely wounded.
The manticore barely misses you.
The manticore claws you but does no damage.
The manticore claws you.
You die...

#<.......#.............
#.........H....#..####.
#..............##...#..
#...............##.....
#.............#........
##...#.#.........##....
#..#..>#.......#.......
##..#.H##..........###..
##...##.@.......#...#....
###....##.##............#..
#....####......###......###
#..### ###.#####..##......
#..# #.# #.###...... #..#
#.#####.# #...... #..#
###.....###....#. #..#
#.................. ##.#
###################


You could see a manticore.

Vanquished Creatures
  2 two-headed ogres
  An unseen horror (D:10)
  Pikel (D:4)
  2 trolls
  Grinder (D:5)
  3 hippogriffs
  A water elemental (D:11)
  2 wyverns
  Grum (D:8)
  A hungry ghost (D:10)
  3 yaks (D:10)
  3 vampire mosquitoes (D:11)
  2 two-headed ogre zombies (D:9)
  A water moccasin (D:7)
  4 slaves (D:4)
  4 sky beasts
  Purgy (Sewer)
  2 orc warriors
  4 phantoms
  A black bear (D:7)
  4 ice beasts
  4 ogres
  3 wolves
  3 centaurs
  A crocodile (D:7)
  A big kobold (D:6)
  4 bullfrogs
  A wyvern skeleton (D:6)
  A troll zombie (D:9)
  3 scorpions
  2 jellies
  5 crimson imps
  A bullfrog zombie (D:7)
  2 bullfrog skeletons
  6 hounds
  3 centaur skeletons
  4 orc priests
  Jessica (D:2)
  6 iguanas
  5 orc wizards
  7 worker ants
  5 ogre zombies (D:9)
  2 hound zombies
  3 hound skeletons
  4 worker ant zombies
  Robin (D:3)
  4 gnolls (D:3)
  2 howler monkey skeletons
  11 adders
  A river rat (D:5)
  3 shadow imps
  An ooze (D:7)
  4 adder skeletons
  2 dart slugs
  6 leopard geckos
  22 orcs
  7 ball pythons
  7 giant cockroaches
  10 goblins
  7 hobgoblins (D:3)
  11 jackals
  11 kobolds
  6 quokkas
  5 bats
  13 frilled lizards
  3 goblin skeletons (D:9)
  4 goblin zombies (D:9)
  4 hobgoblin skeletons (D:9)
  2 hobgoblin zombies (D:9)
  An orc skeleton (D:9)
  11 orc zombies (D:9)
  3 quokka skeletons
  11 rats
294 creatures vanquished.

Vanquished Creatures (others)
  A goblin (D:3)
1 creature vanquished.

Grand Total: 295 creatures vanquished

Notes
Turn   | Place    | Note
-------+----------+-------------------------------------------
     0 | D:1      | Mellonil the Draconian Conjurer began the quest for the Orb.
     0 | D:1      | Reached XP level 1. HP: 14/14 MP: 3/3
   559 | D:1      | Reached XP level 2. HP: 13/20 MP: 0/5
  1564 | D:2      | Reached XP level 3. HP: 26/26 MP: 5/7
  1624 | D:2      | Noticed Sigmund
  1738 | D:2      | Noticed Jessica
  1743 | D:2      | Killed Jessica
  1743 | D:2      | Reached skill level 3 in Spellcasting
  2098 | D:2      | Found a burning altar of Makhleb.
  2105 | D:2      | Reached XP level 4. HP: 33/33 MP: 0/9
  2528 | D:3      | Learned a level 2 spell: Searing Ray
  2532 | D:3      | Learned a level 3 spell: Dazzling Spray
  3059 | D:3      | Noticed Robin
  3077 | D:3      | Killed Robin
  3077 | D:3      | Reached XP level 5. HP: 31/38 MP: 3/10
  3757 | D:3      | Reached skill level 4 in Spellcasting
  4222 | D:3      | Reached skill level 5 in Conjurations
  4421 | D:3      | Noticed a water elemental
  4423 | D:3      | Found a stormy altar of Qazlal.
  4425 | D:3      | Noticed an air elemental
  4425 | D:3      | Noticed a fire elemental
  4714 | D:4      | Reached XP level 6. HP: 45/45 MP: 9/12
  4862 | D:4      | Found a hide-covered altar of Uskayaw.
  5046 | D:4      | Found a bloodstained altar of Trog.
  5159 | D:4      | Noticed a slave
  5179 | D:4      | Killed a slave
  5264 | D:4      | Noticed a slave
  5283 | D:4      | Killed a slave
  5357 | D:4      | Noticed a slave
  5357 | D:4      | Noticed a slave
  5358 | D:4      | Noticed Pikel
  5378 | D:4      | Killed a slave
  5472 | D:4      | Killed a slave
  5513 | D:4      | Killed Pikel
  5513 | D:4      | Reached skill level 5 in Spellcasting
  5513 | D:4      | Your scales start taking on a rich purple colour.
  5513 | D:4      | Reached skill level 6 in Spellcasting
  5513 | D:4      | Reached XP level 7. HP: 12/50 MP: 1/17
  5750 | D:3      | Learned a level 4 spell: Iskenderun's Mystic Blast
  5768 | D:4      | Reached skill level 7 in Spellcasting
  6373 | D:4      | Found a glowing golden altar of the Shining One.
  6427 | D:4      | Reached XP level 8. HP: 57/57 MP: 8/19
  6569 | D:5      | Entered Level 5 of the Dungeon
  6641 | D:5      | Noticed a troll
  6647 | D:5      | Killed a troll
  6647 | D:5      | Reached skill level 5 in Dodging
  6977 | D:5      | Reached skill level 8 in Spellcasting
  7214 | D:5      | Found a glowing drain.
  7237 | Sewer    | Entered a sewer
  7316 | Sewer    | Noticed Purgy
  7327 | Sewer    | Killed Purgy
  7682 | D:5      | Noticed Grinder
  7943 | D:5      | Killed Grinder
  8423 | D:6      | Reached XP level 9. HP: 59/62 MP: 16/21
  8795 | D:6      | Found a snail-covered altar of Cheibriados.
  8877 | D:6      | Found a staircase to the Ecumenical Temple.
  8884 | Temple   | Entered the Ecumenical Temple
  8903 | Temple   | Became a worshipper of Vehumet
  9080 | D:6      | Found a bloodstained altar of Trog.
  9425 | D:6      | Reached skill level 9 in Spellcasting
  9799 | D:7      | Noticed FrozenPanda's ghost (novice TrMo)
 10606 | D:7      | Found a sacrificial altar of Ru.
 11083 | D:8      | Identified the Incunabulum of Burning Confrontation
 11123 | D:8      | Learned a level 3 spell: Mephitic Cloud
 11453 | D:8      | Noticed Grum
 11463 | D:8      | Reached skill level 10 in Spellcasting
 11483 | D:8      | Killed Grum
 11712 | D:8      | Noticed a two-headed ogre
 11713 | D:8      | Reached XP level 10. HP: 66/69 MP: 11/24
 11751 | D:8      | Killed a two-headed ogre
 12271 | D:9      | Found a staircase to the Orcish Mines.
 12272 | D:9      | Reached * piety under Vehumet
 12272 | D:9      | Offered knowledge of Freeze by Vehumet.
 12760 | D:9      | Offered knowledge of Sandblast by Vehumet.
 12761 | D:9      | Reached ** piety under Vehumet
 12942 | D:9      | Found a stormy altar of Qazlal.
 13134 | D:9      | Noticed p0werm0de's ghost (journeyman DDFi)
 13387 | D:9      | Found a shattered altar of Ashenzari.
 13665 | D:9      | Found a shattered altar of Ashenzari.
 13709 | D:9      | Found a shimmering altar of Xom.
 13709 | D:9      | Found a radiant altar of Vehumet.
 13711 | D:9      | Found a hazy altar of Hepliaklqana.
 13711 | D:9      | Found a hazy altar of Hepliaklqana.
 13711 | D:9      | Found a radiant altar of Vehumet.
 13964 | D:10     | Entered Level 10 of the Dungeon
 13989 | D:10     | Noticed a two-headed ogre
 13990 | D:10     | Reached skill level 11 in Spellcasting
 13999 | D:10     | Killed a two-headed ogre
 13999 | D:10     | Reached skill level 10 in Conjurations
 14977 | D:10     | Reached XP level 11. HP: 65/74 MP: 9/26
 15869 | D:7      | Found a basalt altar of Yredelemnul.
 15888 | D:7      | Found a sacrificial altar of Ru.
 15909 | D:7      | Found an ancient bone altar of Kikubaaqudgha.
 15930 | D:7      | Found an iron altar of Okawaru.
 16045 | D:7      | Offered knowledge of Static Discharge by Vehumet.
 16335 | D:10     | Killed an unseen horror
 17337 | D:10     | Reached skill level 12 in Spellcasting
 17385 | D:10     | Slain by a manticore

Skill      XL: |  1  2  3  4  5  6  7  8  9 10 11 |
---------------+----------------------------------+-----
Dodging        | 2 3 4 6 7 9 |  9.6
Spellcasting   | 3 4 6 7 8 10 11 12 | 12.0
Conjurations   | 5 6 7 8 10 | 10.7
Stealth        | |  1.7

Action                   |  1- 3 |  4- 6 |  7- 9 | 10-12 || total
-------------------------+-------+-------+-------+-------++-------
Melee: Spear             |    16 |    56 |       |       ||    72
       Unarmed           |     5 |       |       |       ||     5
       Tailslap          |       |     2 |     3 |    13 ||    18
       Whip              |       |       |    58 |    61 ||   119
 Cast: Magic Dart        |    73 |   170 |   340 |   175 ||   758
       Searing Ray       |       |     8 |    36 |    75 ||   119
       Dazzling Spray    |       |     2 |     1 |       ||     3
       Iskenderun's Myst |       |       |     4 |    18 ||    22
       Mephitic Cloud    |       |       |     3 |     5 ||     8
  Use: Scroll            |       |     7 |    11 |    10 ||    28
       Potion            |       |     1 |       |     4 ||     5
 Stab: Confused          |       |       |     1 |     1 ||     2
  Eat: Chunk             |     4 |    11 |    19 |     9 ||    43
       Fruit             |       |       |       |     3 ||     3
       Royal jelly       |       |       |       |     3 ||     3
Armor: Skin              |     9 |    34 |    54 |   131 ||   228
Dodge: Dodged            |    24 |    72 |   133 |   317 ||   546
